 Dungeon Crawl Stone Soup version 0.17.0-28-g6e173f8 (webtiles) character file.

91 Forcez the Shield-Bearer (level 4, -3/37 HPs)
             Began as a Formicid Fighter on Nov 30, 2015.
             Slain by a gnoll
             ... wielding a +0 spear
              (7 damage)
             ... on level 2 of the Dungeon.
             The game lasted 00:20:00 (1751 turns).

Forcez the Shield-Bearer (Formicid Fighter)         Turns: 1751, Time: 00:20:00

Health: -3/37      AC:  7    Str: 26    XL:     4   Next: 87%
Magic:  4/4        EV:  8    Int:  8    God:
Gold:   137        SH: 10    Dex: 10    Spells: 0 memorised, 3 levels left

rFire  . . .     SeeInvis +     l - +0 whip
rCold  . . .     Clarity  .     b - +0 scale mail
rNeg   . . .     SustAt   .     c - +0 shield
rPois  .         Gourm    .     (helmet unavailable)
rElec  .         Spirit   .     (no cloak)
rCorr  .         Warding  .     (no gloves)
rMut   .         Stasis   +     (no boots)
MR     .....                    (no amulet)
Stlth  ..........               (no ring)
                                (no ring)

@: mighty, not resistant to hostile enchantments, extremely unstealthy
A: permanent stasis, dig shafts and tunnels, four strong arms, antennae 3
a: Dig, Shaft Self


You were on level 2 of the Dungeon.
You were not hungry.

You visited 1 branch of the dungeon, and saw 2 of its levels.

You collected 137 gold pieces.

Inventory:

Hand Weapons
 a - a +0 war axe
 h - a +0 dagger
 i - a +0 hunting sling
 j - a +0 short sword
 l - a +0 whip (weapon)
 o - a +0 dagger
 q - a +0 hand axe
 t - a +0 mace
 u - a +0 short sword
Missiles
 f - 5 poisoned needles
 g - 36 sling bullets
 p - 45 stones (quivered)
Armour
 b - a +0 scale mail (worn)
 c - a +0 shield (worn)
 k - a +0 ring mail
Potions
 d - 2 potions of might
 r - a potion of mutation {unknown}
Comestibles
 e - 2 bread rations
 n - 3 fruits


   Skills:
 + Level 3.8 Fighting
 + Level 2.7 Axes
 + Level 3.8 Armour
 + Level 0.8 Dodging
 + Level 4.6 Shields


You had 3 spell levels left.
You didn't know any spells.

Dungeon Overview and Level Annotations

Branches:
Dungeon (2/15)

Altars:
Dithmenos
Xom


Innate Abilities, Weirdness & Mutations

You are under a permanent stasis effect.
You can dig through walls and to a lower floor.
Your four strong arms can wield two-handed weapons with a shield.
You have a pair of large antennae on your head (SInv).


Message History

You hit the gnoll but do no damage.
The gnoll is heavily wounded.
The gnoll hits you from afar with a spear!
You block the gnoll's attack. The gnoll hits you but does no damage.
You barely miss the gnoll.
The gnoll is heavily wounded.
The gnoll hits you but does no damage. The gnoll hits you with a club.
You block the gnoll's attack.
You hit the gnoll.
The gnoll is heavily wounded.
The gnoll hits you but does no damage. The gnoll hits you with a club.
* * * LOW HITPOINT WARNING * * *
You block the gnoll's attack. The gnoll hits you but does no damage.
You feel very mighty all of a sudden. The gnoll hits you with a club!
* * * LOW HITPOINT WARNING * * *
You block the gnoll's attack. The gnoll closely misses you.
The gnoll hits you but does no damage.
The gnoll hits you from afar with a spear!
You die...

#.#+##.####.#
#.#§§#.#..#.#. ...
#.#§§'.'.†#.#.#...
#.####.##'#.#.#...
#...........#.#..
#.####.##'#.#.#.#
#.#..#.#..#.#...#
#.#..'.'..#.##..#
#@#'##.####.##..##
#gg.........#.....
#.#g##.####.##....
#.#..#.# #.##....
#.#..+.+ #.##....
###.####.####.##..##
#.............##.>.+
##.##############.###
#...................#


You could see 3 gnolls.

Vanquished Creatures
  5 adders (D:2)
  An ooze (D:1)
  2 worms (D:2)
  2 giant geckos
  A ball python (D:1)
  5 bats
  2 giant cockroaches
  3 goblins
  6 hobgoblins
  A quokka (D:2)
  2 giant newts (D:1)
  4 kobolds (D:1)
  3 rats
37 creatures vanquished.

Notes
Turn   | Place    | Note
--------------------------------------------------------------
     0 | D:1      | Forcez the Formicid Fighter began the quest for the Orb.
     0 | D:1      | Reached XP level 1. HP: 18/18 MP: 1/1
   151 | D:1      | Reached XP level 2. HP: 24/24 MP: 2/2
   270 | D:1      | Reached skill level 4 in Shields
   803 | D:1      | Reached XP level 3. HP: 25/29 MP: 3/3
   901 | D:2      | Found a shimmering altar of Xom.
   972 | D:2      | Reached XP level 4. HP: 13/37 MP: 4/4
  1126 | D:2      | Found a shadowy altar of Dithmenos.
  1751 | D:2      | Slain by a gnoll

Action                   |  1- 3 |  4- 6 || total
-------------------------+-------+-------++-------
Melee: War axe           |    83 |    45 ||   128
       Whip              |       |    15 ||    15
  Use: Scroll            |       |     4 ||     4
       Potion            |       |     1 ||     1
  Eat: Bread ration      |       |     1 ||     1
